 Dungeon Crawl Stone Soup version 0.31.0-32-g396128a36d (webtiles) character file.

Game seed: 15756070100530047044

309 MollyMolluskus the Trooper (level 6, -2/43 HPs)
             Began as an Octopode Fighter on Mar 29, 2024.
             Slain by an ogre
             ... wielding a +0 giant spiked club
              (18 damage)
             ... on level 4 of the Dungeon.
             The game lasted 00:13:40 (1989 turns).

MollyMolluskus the Trooper (Octopode Fighter)       Turns: 1989, Time: 00:13:41

Health: -2/43      AC:  1    Str: 17    XL:     6   Next: 41%
Magic:  6/6        EV: 13    Int: 10    God:
Gold:   205        SH:  6    Dex: 12    Spells: 5/5 levels left

rFire   . . .        a - +3 Maxwell's thermic engine {flame, freeze, rev}
rCold   . . .        e - +1 buckler
rNeg    . . .        (helmet restricted)
rPois   .            (no amulet)
rElec   .            (no ring)
rCorr   .            (no ring)
SInv    .            (no ring)
Will    .....        (no ring)
Stlth   +++          (no ring)
HPRegen 0.27/turn    (no ring)
MPRegen 0.10/turn    (no ring)
                     (no ring)

%: no passive effects
@: no status effects
A: almost no armour, amphibious, 8 rings, camouflage 1, gelatinous body 1,
(nimble swimmer 1), tentacles
a: no special abilities


You were on level 4 of the Dungeon.
You visited 1 branch of the dungeon, and saw 4 of its levels.

You collected 205 gold pieces.

Inventory:

Hand Weapons
 a - the +3 Maxwell's thermic engine (weapon) {flame, freeze, rev}
   (You took it off a hobgoblin on level 3 of the Dungeon)
 f - a +2 dagger of protection
Missiles
 d - 27 stones (quivered)
Armour
 e - a +1 buckler (worn)
Jewellery
 b - a ring of resist corrosion
 c - a ring of fire
Wands
 g - a wand of polymorph (6)
 l - a wand of mindburst (16)
Scrolls
 h - 2 scrolls of teleportation
Potions
 i - a potion of invisibility {unknown}
 j - a potion of lignification {unknown}
 k - a potion of ambrosia {unknown}
 m - a potion of heal wounds {unknown}


   Skills:
 + Level 3.9 Fighting
 - Level 1.8(1.9) Short Blades
 * Level 0.3(1.2) Long Blades
 + Level 3.8 Dodging
 + Level 3.3 Stealth
 + Level 3.9 Shields
 - Level 3.4 Unarmed Combat


You had 5 spell levels left.
You didn't know any spells.
Your spell library contained the following spells:

 Spells                   Type           Power      Damage    Failure   Level
 Gell's Gravitas          Tloc           0%         N/A       82%         3
 Teleport Other           Tloc           0%         N/A       82%         3
 Dispersal                Tloc           0%         N/A       100%        6


Dungeon Overview and Level Annotations

Branches:
Dungeon (4/15)
 Temple: D:4-7

Altars:
Yredelemnul
The Shining One

Shops:
D:1 (   D:4 (


Innate Abilities, Weirdness & Mutations

You cannot wear most types of armour.
You are amphibious.
You can wear up to eight rings at the same time.
Your skin changes colour to match your surroundings (Stealth+).
Your rubbery body absorbs attacks. (AC +1, EV +1)
((You are camouflaged when in or above water. (Stealth+)))
You have tentacles for arms and can constrict up to eight enemies at once.


Message History

Press: ? - help, Dir - move target
As you read the scroll labelled TUNECR HOLU, it crumbles to dust.
It was a scroll of blinking.
A quokka comes into view.
You block the quokka's attack.
You hit the quokka but do no damage. You freeze the quokka.
You grab the quokka.
The quokka is lightly wounded.
You constrict the quokka. The quokka closely misses you.
You slash the quokka! You burn the quokka.
You kill the quokka!
You see here a quokka corpse.
An iguana comes into view.
Found a rapier.
An ogre comes into view. It is wielding a +0 giant spiked club.
The helpless iguana fails to defend itself.
You hit the iguana. You burn the iguana. You freeze the iguana.
You grab the iguana.
The iguana is moderately wounded.
You constrict the iguana. The iguana bites you! The iguana closely misses you.
You slash the iguana! You burn the iguana.
You kill the iguana!
A ball python comes into view.
The ball python moves out of view.
You start resting.
A ball python is nearby!
You catch the helpless ball python completely off-guard!
You slash the ball python! You burn the ball python.
You kill the ball python!
You start resting.
HP restored.
The ogre shouts!
You hit the ogre. You burn the ogre. You freeze the ogre. You squeeze the ogre.
The ogre is moderately wounded.
The ogre hits you with a +0 giant spiked club!!
Ouch! That really hurt!
You slash the ogre! You burn the ogre. You freeze the ogre.
The ogre is severely wounded.
The ogre hits you with a +0 giant spiked club!!
You die...

........###
..........# ###
........#.###### ..
......§.#..†...### .#
........######...###.#
.......## ###.....#
##.# #.....##
######....##....#
####### #.....)....†.#
..####@##.#### #.O##.#
#.###.# .. #.. .## ###
##


You could see an ogre.

Vanquished Creatures
  Pargi (D:3)
  Jessica (D:2)
  An iguana (D:4)
  Robin (D:3)
  4 adders
  An adder zombie (D:3)
  A dart slug (D:1)
  2 ribbon worms (D:2)
  2 orcs (D:3)
  9 ball pythons
  4 endoplasms
  A giant cockroach (D:2)
  14 hobgoblins
  14 jackals
  5 kobolds
  4 quokkas
  A ball python zombie (D:3)
  5 bats
  3 frilled lizards
  14 goblins
  2 quokka zombies (D:3)
  5 rats
95 creatures vanquished.

Notes
Turn   | Place    | Note
-------+----------+-------------------------------------------
     0 | D:1      | MollyMolluskus the Octopode Fighter began the quest for the
                  | Orb.
     0 | D:1      | Reached XP level 1. HP: 16/16 MP: 1/1
   175 | D:1      | Reached XP level 2. HP: 20/21 MP: 2/2
   180 | D:1      | Reached skill level 1 in Stealth
   195 | D:1      | Found Xiuph's Antique Weapon Shoppe.
   397 | D:1      | Reached XP level 3. HP: 21/26 MP: 3/3
   740 | D:2      | Noticed Jessica
   833 | D:2      | Killed Jessica
   834 | D:2      | Reached XP level 4. HP: 25/31 MP: 4/4
  1299 | D:3      | Found a faded altar of an unknown god.
  1391 | D:3      | Reached XP level 5. HP: 36/36 MP: 5/5
  1467 | D:3      | Noticed Pargi
  1472 | D:3      | Killed Pargi
  1473 | D:3      | Reached skill level 1 in Short Blades
  1473 | D:3      | Reached XP level 6. HP: 43/43 MP: 6/6
  1481 | D:3      | Noticed Robin
  1488 | D:3      | Killed Robin
  1642 | D:3      | Found a glowing golden altar of the Shining One.
  1862 | D:3      | Found a basalt altar of Yredelemnul.
  1900 | D:4      | Found Wumempug's Antique Weapon Boutique.
  1989 | D:4      | Slain by an ogre

Illustrated notes

Levels and vault maps discovered:
D:1:      lightli_arrival_maybe_door_vault, layout_basic, serial_shops,
          nicolae_shop_competitors_out_of_business, kennysheep_another_room
D:2:      layout_rooms, kennysheep_potato, uniq_jessica
D:3:      layout_basic, nicolae_yredelemnul_corpse_copse, amcnicky_altar_gilded,
          ebering_ecumenical_altar_mist, minmay_checkerbox, uniq_pargi,
          uniq_robin
D:4:      layout_rooms, serial_shops, shop

Skill      XL: |  1  2  3  4  5 |
---------------+----------------+-----
Stealth        | 1 2 3 |  3.3
Unarmed Combat | 3 |  3.4
Short Blades   | 1 |  1.8
Fighting       | |  3.9
Long Blades    | |  0.3
Dodging        | |  3.8
Shields        | |  3.9

Action                     |  1- 3 |  4- 6 || total
---------------------------+-------+-------++-------
  Melee: Unarmed           |    76 |    66 ||   142
         Tentacles         |    12 |    15 ||    27
         Constrict         |    18 |    23 ||    41
         Punch             |       |     3 ||     3
         Double sword      |       |    35 ||    35
  Throw: Stone             |     2 |    18 ||    20
    Use: Scroll            |       |     7 ||     7
         Potion            |       |     1 ||     1
   Stab: Sleeping          |     6 |     5 ||    11
         Distracted        |       |     2 ||     2
 Armour: Skin              |    27 |    29 ||    56
  Dodge: Dodged            |    30 |    49 ||    79
  Block: Buckler           |    13 |    19 ||    32
